 Dungeon Crawl Stone Soup version 0.19.1-1-g22dce08 (webtiles) character file.

142 tsouns the Slasher (level 5, -4/34 HPs)
             Began as a High Elf Monk on Jan 5, 2017.
             Was a Believer of Hepliaklqana.
             Killed by divine providence
             ... invoked by an orc priest
              (15 damage)
             ... on level 3 of the Dungeon.
             The game lasted 00:07:48 (2705 turns).

tsouns the Slasher (High Elf Monk)                  Turns: 2705, Time: 00:07:49

Health: -4/34      AC:  3    Str: 11    XL:     5   Next: 3%
Magic:  6/6        EV: 14    Int: 14    God:    Hepliaklqana [**....]
Gold:   163        SH:  0    Dex: 17    Spells: 0 memorised, 4 levels left

rFire  . . .     SeeInvis .     a - +0 falchion
rCold  . . .     Gourm    .     b - +0 robe
rNeg   . . .     Faith    .     (no shield)
rPois  .         Spirit   .     (no helmet)
rElec  .         Reflect  .     (no cloak)
rCorr  .         Harm     .     (no gloves)
MR     .....                    (no boots)
Stlth  ++........               (no amulet)
                                (no ring)
                                d - +1 ring of protection

@: no status effects
A: reduced essence
a: Recall Ancestor, Ancestor Identity, Renounce Religion


You were on level 3 of the Dungeon.
You worshipped Hepliaklqana.
Hepliaklqana was pleased with you.
You were not hungry.

You visited 1 branch of the dungeon, and saw 3 of its levels.

You collected 163 gold pieces.

Inventory:

Hand Weapons
 a - a +0 falchion (weapon)
 g - a +0 blowgun
Missiles
 j - 10 poisoned needles
Armour
 b - a +0 robe (worn)
Jewellery
 d - a +1 ring of protection (left hand)
Scrolls
 o - a scroll of noise
Potions
 f - 2 potions of invisibility
 h - 2 potions of curing {unknown}
 i - a potion of lignification {unknown}
 l - a potion of magic {unknown}
 n - a potion of haste {unknown}
 p - a potion of flight {unknown}
 q - a potion of berserk rage {unknown}
 r - a potion of heal wounds {unknown}
Comestibles
 c - 3 bread rations
 m - a slice of pizza


   Skills:
 + Level 4.5 Fighting
 + Level 5.5 Long Blades
 - Level 3.2 Dodging
 - Level 2.1 Stealth


You had 4 spell levels left.
You didn't know any spells.

Dungeon Overview and Level Annotations

Branches:
Dungeon (3/15)

Altars:
Dithmenos
Hepliaklqana
Okawaru
Qazlal
Xom

Annotations:
D:3 Grinder


Message History

Anything else - Cancel.
Gang up on whom?
Press: ? - help, Dir - move target cursor, f - orc priest
Aim: an orc priest, wielding a club Attack!
Namzu hits the orc with a dagger of draining.
The orc priest miscasts a cantrip.
The orc hits Namzu.
Namzu gestures at the orc priest while chanting.
The orc seems to slow down.
The orc closely misses Namzu.
Namzu hits the orc with a dagger of draining.
Namzu drains the orc!
The orc dies!
The orc priest mumbles some strange prayers to Beogh against you.
Beogh smites you!
Unknown command.
You aren't carrying any items that you can evoke.
The orc priest mumbles some strange prayers to Beogh against you.
Beogh smites you!
You die...

..o
#.....##†.......#
..
########R†..#####
#...o#
#....######.
#########R.......
.........########
########.# #.#
#@##### #.....#
#####.#### #.##<#
#.##.# #.##.#
#.##.# #####.##.#
#.....##.#


You could see the friendly Namzu the hexer and an orc priest.

Vanquished Creatures
  5 adders
  A gnoll (D:3)
  An ooze (D:1)
  3 worms (D:2)
  A leopard gecko (D:3)
  4 orcs (D:3)
  A giant cockroach (D:1)
  5 goblins
  4 hobgoblins
  A quokka (D:3)
  6 bats
  A frilled lizard (D:3)
  3 kobolds
  6 rats
42 creatures vanquished.

Vanquished Creatures (collateral kills)
  2 gnolls (D:3)
  A dart slug (D:3)
  3 orcs (D:3)
  2 kobolds (D:3)
8 creatures vanquished.

Vanquished Creatures (others)
  2 hexers (D:3)
2 creatures vanquished.

Grand Total: 52 creatures vanquished

Notes
Turn   | Place    | Note
-------+----------+-------------------------------------------
     0 | D:1      | tsouns the High Elf Monk began the quest for the Orb.
     0 | D:1      | Reached XP level 1. HP: 16/16 MP: 2/2
   114 | D:1      | Reached XP level 2. HP: 18/21 MP: 3/3
   146 | D:1      | Reached skill level 4 in Long Blades
   701 | D:1      | Reached XP level 3. HP: 26/26 MP: 4/4
  1390 | D:2      | Found an iron altar of Okawaru.
  1390 | D:2      | Found a hazy altar of Hepliaklqana.
  1391 | D:2      | Found a shadowy altar of Dithmenos.
  1484 | D:2      | Found a stormy altar of Qazlal.
  1709 | D:2      | Reached XP level 4. HP: 33/33 MP: 5/5
  1887 | D:2      | Reached skill level 5 in Long Blades
  2039 | D:2      | Found a shimmering altar of Xom.
  2050 | D:2      | Became a worshipper of Hepliaklqana the Forgotten
  2050 | D:2      | Reached * piety under Hepliaklqana
  2050 | D:2      | Reached ** piety under Hepliaklqana
  2051 | D:2      | Remembered your ancestor Namzu as a hexer
  2422 | D:3      | Noticed Grinder
  2659 | D:3      | Reached XP level 5. HP: 28/34 MP: 6/6
  2705 | D:3      | Killed from afar by an orc priest

Skill      XL: |  1  2  3  4 |
---------------+-------------+-----
Long Blades    | 4 5 |  5.5
Fighting       | 4 |  4.5
Dodging        | |  3.2
Stealth        | |  2.1

Action                   |  1- 3 |  4- 6 || total
-------------------------+-------+-------++-------
Melee: Falchion          |    79 |    68 ||   147
Invok: Ancestor Life: He |       |     1 ||     1
       Ancestor Identity |       |     1 ||     1
  Use: Scroll            |       |     5 ||     5
 Stab: Sleeping          |     3 |       ||     3
       Confused          |       |     1 ||     1
  Eat: Chunk             |     3 |     2 ||     5
       Beef jerky        |       |     1 ||     1
Armor: Robe              |     5 |     3 ||     8
Dodge: Dodged            |    58 |    45 ||   103
       Rpst.: Falchion   |    26 |    18 ||    44
